 Dungeon Crawl Stone Soup version 0.21.0-24-g2553a33 (webtiles) character file.

370 Monsterracer the Slasher (level 6, -1/48 HPs)
             Began as a Vampire Abyssal Knight on Jan 19, 2018.
             Was a Believer of Lugonu.
             Slain by an ogre
             ... wielding a +0 giant club
              (19 damage)
             ... on level 4 of the Dungeon.
             The game lasted 00:06:51 (3235 turns).

Monsterracer the Slasher (Vampire Abyssal Knight)   Turns: 3235, Time: 00:06:52

Health: -1/48      AC:  5    Str: 13    XL:     6   Next: 42%
Magic:  7/7        EV: 12    Int: 14    God:    Lugonu [**....]
Gold:   187        SH:  0    Dex: 17    Spells: 5/5 levels left

rFire    . . .     SeeInvis +   a - +1 falchion
rCold    . . .     Gourm    .   (no shield)
rNeg     . . .     Faith    .   m - +0 ring mail
rPois    .         Spirit   .   (no helmet)
rElec    .         Reflect  .   (no cloak)
rCorr    .         Harm     .   (no gloves)
MR       .....                  (no boots)
Stlth    +.........             c - amulet of regeneration
HPRegen  0.76/turn              f - +3 ring of dexterity
MPRegen  0.10/turn              (no ring)

@: regenerating quickly
A: fangs 3, see invisible, unbreathing
a: Depart the Abyss, Bend Space, Renounce Religion


You were on level 4 of the Dungeon.
You worshipped Lugonu.
Lugonu was pleased with you.
You were full.

You visited 1 branch of the dungeon, and saw 4 of its levels.
You visited the Abyss 1 time.

You collected 187 gold pieces.

Inventory:

Hand Weapons
 a - a +1 falchion (weapon)
Armour
 m - a +0 ring mail (worn)
Jewellery
 c - an amulet of regeneration (around neck)
 f - a +3 ring of dexterity (left hand)
Wands
 o - a wand of digging (8)
Scrolls
 h - 2 scrolls of teleportation
 p - 2 scrolls of remove curse
Potions
 b - a potion of haste
 d - 10 potions of blood
 e - a potion of curing {unknown}
 g - a potion of cancellation {unknown}
 j - a potion of brilliance
 k - 3 potions of heal wounds
 n - 2 potions of berserk rage {!q}


   Skills:
 + Level 3.7 Fighting
 * Level 5.6 Long Blades
 - Level 0.7 Armour
 + Level 3.7 Dodging
 - Level 1.5 Invocations


You had 5 spell levels left.
You didn't know any spells.

Dungeon Overview and Level Annotations

Branches:
Dungeon (4/15)
 Temple: D:4-7

Altars:
Cheibriados
Qazlal
Xom

Annotations:
D:4 TotoDurand's ghost, amateur DDFi


Innate Abilities, Weirdness & Mutations

Your natural rate of healing is unusually fast.
You have razor-sharp teeth.
You have supernaturally acute eyesight. (SInv)
You can survive without breathing.


Message History

You destroy the phantom!
Lugonu accepts your kill.
You regained 2 hp, and now have 18/48 hp.
There is a stone staircase leading down, spattered with blood here.
There is an open door here.
You open the door.
There is an open door here.
There is a stone staircase leading down here.
You regained 23 hp, and now have 43/48 hp.
You start resting.
HP restored.
Health restored: 48 You climb downwards.
Level annotation: TotoDurand's ghost, amateur DDFi A frilled lizard, 3 zombies and 2 skeletons come into view.
Found 7 stones, a scroll labeled PEIFOU KYSAXO and a square silver amulet.
There is a stone staircase leading up here.
The adder skeleton bites you but does no damage.
The hound skeleton barely misses you.
You hit the worker ant zombie. Your bite misses the worker ant zombie.
The worker ant zombie is moderately damaged.
The frilled lizard hisses angrily.
The adder skeleton bites you but does no damage.
The quokka zombie bites you.
The hound skeleton bites you but does no damage.
The worker ant zombie barely misses you.
The adder skeleton bites you.
You take 6 damage, and have 42/48 hp.
You hit the worker ant zombie.
The worker ant zombie is moderately damaged.
The hound skeleton bites you but does no damage.
The quokka zombie barely misses you.
The worker ant zombie closely misses you.
The hound zombie bites you but does no damage.
The adder skeleton bites you. The hound skeleton bites you.
The quokka zombie bites you.
You take 4 damage, and have 38/48 hp.
You slash the worker ant zombie!
The worker ant zombie is severely damaged.
The hound zombie barely misses you.
You riposte.
You closely miss the hound zombie.
The worker ant zombie bites you but does no damage.
The hound skeleton bites you but does no damage.
The adder skeleton closely misses you. The hound zombie bites you.
The quokka zombie bites you.
You take 3 damage, and have 35/48 hp.
The hound zombie barely misses you.
You riposte.
You hit the hound zombie but do no damage.
You bite the hound zombie.
The hound zombie is lightly damaged.
There is a stone staircase leading up here.
The quokka zombie misses you.
An ogre comes into view. It is wielding a giant club.
The ogre shouts!
The hound zombie bites you but does no damage.
Found a glowing cloak and a ration.
You slash the hound zombie!
The hound zombie is heavily damaged.
The ogre hits you with a giant club!
The hound zombie bites you but does no damage.
You take 7 damage, and have 31/48 hp.
The hound zombie completely misses you.
You riposte.
You hit the hound zombie but do no damage.
The hound zombie is heavily damaged.
You see here a glowing cloak.
You hit the ogre.
The ogre is lightly wounded.
The ogre barely misses you.
You hit the ogre.
The ogre is lightly wounded.
The ogre hits you with a giant club.
You take 5 damage, and have 28/48 hp.
Firing (i - inventory): No suitable missiles.
Press: ? - help, Shift-Dir - straight line, f - ogre
Aim: an ogre, wielding a giant club (lightly wounded)
Okay, then.
You barely miss the ogre. Your bite misses the ogre.
The ogre is lightly wounded.
The ogre hits you with a giant club!
* * * LOW HITPOINT WARNING * * *
You take 16 damage, and have 12/48 hp.
MASSIVE DAMAGE!!
You see here a scroll labeled PEIFOU KYSAXO.
The adder skeleton barely misses you.
You riposte.
You barely miss the adder skeleton. You barely miss the quokka zombie.
The adder skeleton bites you.
* * * LOW HITPOINT WARNING * * *
The ogre misses you.
You riposte.
You hit the ogre.
The ogre is lightly wounded.
The quokka zombie misses you.
You riposte.
You closely miss the quokka zombie.
You take 3 damage, and have 17/48 hp.
The frilled lizard hisses.
The quokka zombie completely misses you.
You riposte.
You hit the quokka zombie. Your bite misses the quokka zombie.
The quokka zombie is lightly damaged.
You slash the adder skeleton!
The adder skeleton is heavily damaged.
The adder skeleton bites you but does no damage.
The frilled lizard barely misses you. The quokka zombie barely misses you.
The ogre hits you with a giant club!!
You die...

##########..#..P§.#
#..%....ZZZ.Z§.P§§
.#####.#####§P§P#
####.# #§§.§
#....#####§§##
##.##<...##§#.#
...##...(##Z#...
........ZZl?..#.###
#.#####..@OZ...# #
#."8Z.#.##
#.....#.# #.....#.#
#..##.##.# ....
.....# ######## ##


You could see an ogre, a quokka zombie, a hound zombie, a worker ant zombie, a
frilled lizard, an adder skeleton and a hound skeleton.

Vanquished Creatures
  A phantom (D:3)
  A bullfrog (D:4)
  An orc wizard (D:3)
  Terence (D:3)
  3 adders
  7 gnolls
  An ooze (D:3)
  An adder zombie (D:2)
  2 dart slugs (D:2)
  4 orcs (D:3)
  3 giant cockroaches
  5 goblins
  8 hobgoblins
  3 bats (D:1)
  2 frilled lizards
  9 kobolds
  8 rats
60 creatures vanquished.

Notes
Turn   | Place    | Note
-------+----------+-------------------------------------------
     0 | Abyss:1  | Monsterracer the Vampire Abyssal Knight began the quest for the Orb.
     0 | Abyss:1  | Reached XP level 1. HP: 17/17 MP: 2/2
   113 | Abyss:1  | Found a corrupted altar of Lugonu.
   128 | D:1      | Escaped the Abyss
   364 | D:1      | Reached XP level 2. HP: 19/23 MP: 3/3
   608 | D:1      | Reached skill level 3 in Long Blades
   732 | D:1      | Reached ** piety under Lugonu
   927 | D:2      | Reached XP level 3. HP: 25/28 MP: 4/4
  1061 | D:1      | HP: 6/28 [gnoll/whip (9)]
  1068 | D:1      | HP: 6/28 [gnoll/whip (3)]
  1243 | D:2      | Reached skill level 4 in Long Blades
  1292 | D:2      | HP: 10/28 [gnoll/antimagic halberd (14)]
  1414 | D:2      | HP: 14/28 [gnoll/spear (3)]
  1418 | D:1      | HP: 6/28 [gnoll (7)]
  1423 | D:1      | Reached XP level 4. HP: 9/34 MP: 5/5
  1537 | D:2      | HP: 15/34 [gnoll/flail (10)]
  1544 | D:1      | HP: 9/34 [gnoll/flail (7)]
  1840 | D:2      | Found a snail-covered altar of Cheibriados.
  2366 | D:3      | Found a stormy altar of Qazlal.
  2367 | D:3      | Noticed an air elemental
  2369 | D:3      | Noticed an earth elemental
  2369 | D:3      | Noticed a fire elemental
  2369 | D:3      | Noticed a water elemental
  2403 | D:3      | Noticed Terence
  2410 | D:3      | HP: 16/35 [Terence/trident (5)]
  2416 | D:3      | HP: 13/35 [Terence/trident (4)]
  2498 | D:3      | Killed Terence
  2498 | D:3      | Reached XP level 5. HP: 31/41 MP: 6/6
  2858 | D:3      | Found a shimmering altar of Xom.
  2872 | D:3      | Reached skill level 5 in Long Blades
  3145 | D:4      | Noticed a phantom
  3148 | D:4      | Reached XP level 6. HP: 46/47 MP: 7/7
  3149 | D:4      | Noticed TotoDurand's ghost (amateur DDFi)
  3155 | D:3      | HP: 20/47 [phantom (6)]
  3161 | D:3      | HP: 14/47 [phantom (7)]
  3221 | D:4      | HP: 12/48 [ogre/giant club (17)]
  3233 | D:4      | HP: 17/48 [adder skeleton (4)]
  3235 | D:4      | Slain by an ogre

Skill      XL: |  1  2  3  4  5 |
---------------+----------------+-----
Long Blades    | 3 4 5 |  5.6
Fighting       | 3 |  3.7
Dodging        | 3 |  3.7
Armour         | |  0.7
Invocations    | |  1.5

Action                   |  1- 3 |  4- 6 || total
-------------------------+-------+-------++-------
Melee: Falchion          |    79 |   158 ||   237
       Bite              |     7 |    16 ||    23
  Use: Potion            |    10 |     9 ||    19
       Scroll            |       |     7 ||     7
 Stab: Sleeping          |     1 |       ||     1
Armor: Leather armour    |    16 |     9 ||    25
       Ring mail         |       |    43 ||    43
Dodge: Dodged            |    63 |    90 ||   153
       Rpst.: Falchion   |    26 |    31 ||    57

Vault maps used:
D:1:      lemuel_arrival_rhombus
D:2:      kennysheep_slug_shrine
D:3:      lemuel_crystal_altar, first_ration, nicolae_qazlal_style_of_elements,
          uniq_terence
D:4:      serial_shops, shop, serial_undead, serial_undead_b, serial_undead_c,
          serial_undead_b, serial_undead_d, uniq_grinder, uniq_blork_the_orc,
          uniq_robin, uniq_menkaure, uniq_duvessa
